 Dungeon Crawl Stone Soup version 0.29-a0-360-g8ed1089bbe (webtiles) character file.

Game seed: 15140377121378112829

142 Zatoro the Caller (level 5, -8/29 HPs)
             Began as a Kobold Summoner on Apr 29, 2022.
             Was an Initiate of Gozag.
             Mangled by Edmund
             ... wielding a +2 dire flail of pain
              (15 damage)
             ... on level 4 of the Dungeon.
             The game lasted 00:30:41 (8839 turns).

Zatoro the Caller (Kobold Summoner)                 Turns: 8839, Time: 00:30:42

Health: -8/29      AC:  2    Str: 12    XL:     5   Next: 49%
Magic:  2/3        EV: 15    Int: 18    God:    Gozag
Gold:   239        SH:  0    Dex: 18    Spells: 5/11 levels left

rFire   . . .      SeeInvis .   m - +11 spear of Watchfulness {antimagic, Stlth+}
rCold   + . .      Faith    .   (no shield)
rNeg    . . .      Spirit   .   a - +0 robe
rPois   +          Reflect  .   (no helmet)
rElec   .          Harm     .   k - scarf {+Inv}
rCorr   .          Rampage  .   (no gloves)
Will    +....                   (no boots)
Stlth   +++++.....              (no amulet)
HPRegen 0.09/turn               p - +6 ring of strength
MPRegen 0.08/turn               f - ring of the Briny Deep {rPois rC+ Will+ Dex+3}

@: hasted, very quick
A: small, no large weapons, nightstalker 3
a: Renounce Religion, Evoke Invisibility, Potion Petition, Call Merchant, Bribe
Branch


You were on level 4 of the Dungeon.
You worshipped Gozag.
Gozag was aware of your devotion.
You visited 1 branch of the dungeon, and saw 4 of its levels.

You collected 269 gold pieces.
You paid 30 gold pieces to Gozag.

Inventory:

Hand Weapons
 j - a +1 dagger of electrocution
 m - the +11 spear of Watchfulness (weapon) {antimagic, Stlth+}
   (You found it on level 2 of the Dungeon)

   It reduces the magical energy of the wielder, and disrupts the spells and
   magical abilities of those it strikes.
   Natural abilities and divine invocations are not affected.
   Stlth:     It makes you more stealthy.
Missiles
 i - 98 stones
Armour
 a - a +0 robe (worn)
 h - a +0 ring mail
 k - a scarf of invisibility (worn)
Jewellery
 d - a ring of flight
 f - the ring of the Briny Deep (right hand) {rPois rC+ Will+ Dex+3}
   (You found it on level 3 of the Dungeon)

   [ring of poison resistance]

   Dex:       It affects your dexterity (+3).
   rC:        It protects you from cold.
   rPois:     It protects you from poison.
   Will:      It increases your willpower.
 p - a +6 ring of strength (left hand)
Scrolls
 e - 2 scrolls of teleportation {unknown}
 l - a scroll of vulnerability
 q - a scroll of immolation {unknown}
 t - a scroll of fog {unknown}
 u - a scroll of identify
Potions
 b - a potion of magic
 c - a potion of curing
 g - 2 potions of might {unknown}
 o - 2 potions of brilliance {unknown}
 r - a potion of resistance {unknown}
 s - 2 potions of mutation {unknown}


   Skills:
 + Level 1.3 Fighting
 * Level 0.3 Polearms
 + Level 2.5 Dodging
 * Level 3.3 Stealth
 * Level 3.7 Spellcasting
 * Level 4.9 Summonings
 * Level 0.5 Evocations


You had 5 spell levels left.
You knew the following spells:

 Your Spells              Type           Power      Damage    Failure   Level
a - Summon Small Mammal   Summ           84%        N/A       1%          1
b - Summon Guardian Gole  Hex/Summ       12%        N/A       17%         3
c - Call Imp              Summ           21%        N/A       3%          2

Your spell library contained the following spells:

 Spells                   Type           Power      Damage    Failure   Level
 Call Canine Familiar     Summ           21%        N/A       6%          3
 Animate Skeleton         Necr           6%         N/A       16%         1
 Pain                     Necr           12%        1d4       16%         1
 Sublimation of Blood     Necr           3%         N/A       22%         2
 Wereblood                Tmut           3%         N/A       22%         2
 Vampiric Draining        Necr           3%         2d6       41%         3
 Summon Lightning Spire   Summ/Air       12%        N/A       50%         4
 Summon Hydra             Summ           10%        N/A       100%        7


Dungeon Overview and Level Annotations

Branches:
Dungeon (4/15)
 Temple: D:4-7

Altars:
Fedhas
Gozag
Makhleb
Nemelex Xobeh
Ru
Uskayaw
Zin

Annotations:
D:4 Edmund


Innate Abilities, Weirdness & Mutations

You are small and have problems with some larger weapons.
You are completely attuned to the shadows.


Message History

Your crimson imp blinks!
Your rat barely misses Edmund.
Edmund clears his throat.
Your rat closely misses Edmund.
Edmund attacks as you move away!
Edmund hits you with a +2 dire flail of pain.
* * * LOW HITPOINT WARNING * * *
You writhe in agony.
* * * LOW HITPOINT WARNING * * *
Your rat closely misses Edmund.
You feel yourself speed up.
Edmund grinds his teeth, and then sighs.
Edmund closely misses you.
Your rat bites Edmund but does no damage.
Your crimson imp hits Edmund but does no damage.
Your rat bites Edmund but does no damage.
Your crimson imp barely misses Edmund.
Found a green potion.
Found a lumpy ruby potion.
Your crimson imp blinks!
You hit Edmund but do no damage.
Edmund is heavily wounded.
Unknown command.
Casting: Summon Guardian Golem (quite dangerous; 17% risk of failure)
Confirm with . or Enter, or press ? or * to list all spells.
You don't have enough magic to cast this spell.
Your rat bites Edmund but does no damage.
Your rat bites Edmund but does no damage.
Your crimson imp blinks!
Your rat barely misses Edmund.
Your rat bites Edmund but does no damage.
Your rat bites Edmund but does no damage.
Your +1 dagger of electrocution stops crackling.
You feel magic leave you.
m - the +11 spear of Watchfulness (weapon)
{antimagic, Stlth+} You are too injured to fight recklessly!
Edmund hits you with a +2 dire flail of pain!
Ouch! That really hurt!
You die...
Your body crumbles into a pile of gold.

####.#....##.#.......#
#.#.##.##.#.......#
#.####.##.#.....#.#
#......##.#.#####
#########.#.#
####.#.###### $
#...........#
#...........#
#..@@r9.....+
#...5r......##
##..<..$.....#
##.........###
............#
..!.#+#.###.# !...#
#... ... #### ##### ##


You could see Edmund (ally target), a friendly guardian golem (summoned), a
friendly crimson imp (summoned, sheltered) and 2 friendly rats.

Vanquished Creatures
  An iguana (D:4)
  3 adders
  A worm (D:2)
  3 orcs (D:3)
  A bat (D:2)
  6 endoplasms
  A giant cockroach (D:4)
  6 goblins
  4 hobgoblins
  2 ball pythons
  2 kobolds
  6 rats
36 creatures vanquished.

Vanquished Creatures (collateral kills)
  An orc priest (D:3)
  A worm (D:2)
  A dart slug (D:4)
  A ball python (D:1)
  An endoplasm (D:1)
  2 goblins (D:2)
  A quokka (D:3)
  A bat (D:2)
  A frilled lizard (D:3)
  2 kobolds
12 creatures vanquished.

Grand Total: 48 creatures vanquished

Notes
Turn   | Place    | Note
-------+----------+-------------------------------------------
     0 | D:1      | Zatoro the Kobold Summoner began the quest for the Orb.
     0 | D:1      | Reached XP level 1. HP: 10/10 MP: 3/3
  1450 | D:2      | Reached skill level 1 in Fighting
  1450 | D:2      | Reached XP level 2. HP: 16/16 MP: 0/5
  1900 | D:2      | Reached XP level 3. HP: 20/20 MP: 2/6
  2837 | D:2      | Identified the +11 spear of Watchfulness {antimagic,
                  | Stlth+}
  2866 | D:2      | Reached XP level 4. HP: 16/25 MP: 0/8
  3891 | D:3      | Found a sacrificial altar of Ru.
  3895 | D:3      | Identified the ring of the Briny Deep {rPois rC+ Will+
                  | Dex+3}
  3954 | D:3      | Found a blossoming altar of Fedhas.
  3987 | D:3      | Found an opulent altar of Gozag.
  3994 | D:3      | Became a worshipper of Gozag Ym Sagoz the Greedy
  4277 | D:3      | Found a burning altar of Makhleb.
  5245 | D:3      | Learned a level 3 spell: Summon Guardian Golem
  5248 | D:3      | Learned a level 2 spell: Call Imp
  5361 | D:3      | Reached XP level 5. HP: 27/29 MP: 4/10
  6036 | D:3      | Found a glowing silver altar of Zin.
  6432 | D:3      | Found a faded altar of an unknown god.
  6434 | D:3      | Found a hide-covered altar of Uskayaw.
  6780 | D:4      | Found a sparkling altar of Nemelex Xobeh.
  8801 | D:4      | Noticed Edmund
  8839 | D:4      | Mangled by Edmund

Illustrated notes

Levels and vault maps discovered:
D:1:      amcnicky_arrival_blooded_trapdoor, layout_loops_ring
D:2:      kennysheep_the_goblin_king, layout_basic
D:3:      layout_loops_cross, nicolae_overflow_ecumenical_swirl,
          nicolae_ru_awakened_eye, zin_scriptorium,
          mainiacjoe_overflow_concentric_impassable,
          amethyst_overflow_temple_binary,
          nicolae_concentric_dashed_squares_mild,
          hangedman_decor_clover_reticule, nicolae_figureground_pulse
D:4:      layout_basic, overflow_temple_1_default,
          nicolae_overflow_hidden_temple, minmay_crystal_room, uniq_edmund,
          uniq_blork_the_orc

Skill      XL: |  1  2  3  4 |
---------------+-------------+-----
Fighting       | 1 |  1.3
Stealth        | 3 |  3.3
Spellcasting   | 3 |  3.7
Polearms       | |  0.3
Dodging        | |  2.5
Summonings     | |  4.9
Evocations     | |  0.5

Action                   |  1- 3 |  4- 6 || total
-------------------------+-------+-------++-------
Melee: Unarmed           |    13 |       ||    13
       Dagger            |    40 |    42 ||    82
       Punch             |     2 |     1 ||     3
       Spear             |       |     1 ||     1
 Cast: Summon Small Mamm |    85 |   192 ||   277
       Call Imp          |       |    37 ||    37
       Summon Guardian G |       |     1 ||     1
  Use: Scroll            |       |     3 ||     3
       Potion            |       |     1 ||     1
 Stab: Sleeping          |     3 |     3 ||     6
       Distracted        |       |     2 ||     2
Armor: Robe              |     7 |     3 ||    10
Dodge: Dodged            |    50 |    27 ||    77

Table legend: (Time is in decaauts)
 A = Elapsed time spent in this place.
 B = Non-inter-level travel time spent in this place.
 C = Inter-level travel time spent in this place.
 D = Time resting spent in this place.
 E = Time spent auto-exploring this place.
 F = Levels seen in this place.
 G = Mean time per level.
                   A        B        C        D        E       F      G
               +--------+--------+--------+--------+--------+-----+--------+
         Total |   8827 |   8549 |    278 |   4208 |   3653 |   4 | 2206.8 |
       Dungeon |   8827 |   8549 |    278 |   4208 |   3653 |   4 | 2206.8 |
               +--------+--------+--------+--------+--------+-----+--------+

Top non-repeatable levels by time:
     D:3: 2964 daAuts
     D:2: 2368 daAuts
     D:4: 2051 daAuts
     D:1: 1443 daAuts
